cohdb
Replays
Latest Replays
All Replays
Popular Replays
Top Player Replays
Match Explorer
How It Works
Community
CoH3 Stats
Reddit
Sign in to upload your games and track your stats! →
Sign in with Steam
Match 39619926
Unlisted
Match 39619926
Overview
Messages
Build Orders
End
Vickers Machine Gun Team
Construct Section Command Post
Selects Heavy Armor Battlegroup
Dingo Light Scout Car
Infantry Section
Vickers Machine Gun Team
Construct Platoon Command Post
Selects Engineer Detachments
CMP 15cwt Truck
Unlock Bishop Self-propelled Artillery
6-pounder Anti-tank Gun Team
Humber Armored Car
Selects Light Vehicle Withdraw and Refit
Light Vehicle Withdraw and Refit
Bishop Self-propelled Artillery
Royal Engineer Section
Selects Radio Net
Kakamora
Jonnies
xingluo99kk1
Chicken
[RN] Friedus
Kylen
runningDuck
Beary bear
0
0
Comments
sign in to comment!
No comments posted yet!